 Dungeon Crawl Stone Soup version 0.21.1-1-g345015f (webtiles) character file.

73 pk666 the Magician (level 4, -3/24 HPs)
             Began as a Deep Elf Wizard on Feb 14, 2018.
             Slain by Crazy Yiuf
             ... wielding a +4 quarterstaff of chaos
              (11 damage)
             ... on level 2 of the Dungeon.
             The game lasted 00:05:20 (2338 turns).

pk666 the Magician (Deep Elf Wizard)                Turns: 2338, Time: 00:05:21

Health: -3/24      AC:  3    Str:  4    XL:     4   Next: 8%
Magic:  6/13       EV: 13    Int: 24    God:
Gold:   121        SH:  0    Dex: 13    Spells: 4/13 levels left

rFire    . . .     SeeInvis .   g - +0 dagger
rCold    . . .     Gourm    .   (no shield)
rNeg     . . .     Faith    .   a - +0 robe
rPois    .         Spirit   .   b - +0 hat
rElec    .         Reflect  .   (no cloak)
rCorr    .         Harm     .   (no gloves)
MR       .....                  m - +0 pair of boots
Stlth    ++........             (no amulet)
HPRegen  0.08/turn              (no ring)
MPRegen  0.13/turn              (no ring)

@: lethally poisoned (-3 -> -16), very slightly contaminated
A: no striking features
a: no special abilities


You were on level 2 of the Dungeon.
You were not hungry.

You visited 1 branch of the dungeon, and saw 2 of its levels.

You collected 121 gold pieces.

Inventory:

Hand Weapons
 g - a +0 dagger (weapon)
Armour
 a - a +0 robe (worn)
 b - a +0 hat (worn)
 m - a +0 pair of boots (worn)
Scrolls
 e - 2 scrolls of remove curse
 h - a scroll of enchant armour {unknown}
 i - a scroll of noise {unknown}
 j - 3 scrolls of teleportation {unknown}
 k - 4 scrolls of identify
 l - a scroll of magic mapping {unknown}
Potions
 o - a potion of curing
Books
 c - a book of Minor Magic

   Spells                             Type                      Level
   a - Magic Dart                     Conjuration                  1
   b - Blink                          Translocation                2
   c - Call Imp                       Summoning                    2
   d - Slow                           Hexes                        2
   e - Conjure Flame                  Conjuration/Fire             3
   f - Mephitic Cloud                 Conjuration/Poison/Air       3
Comestibles
 d - 2 rations


   Skills:
 - Level 0.7 Short Blades
 + Level 3.2 Dodging
 - Level 2.4 Stealth
 * Level 5.1 Spellcasting
 * Level 2.3 Conjurations
   Level 1.1 Summonings
 - Level 1.1 Translocations
 * Level 0.6 Fire Magic
 * Level 0.7 Air Magic
 * Level 0.7 Poison Magic


You had 4 spell levels left.
You knew the following spells:

 Your Spells              Type           Power        Failure   Level  Hunger
a - Magic Dart            Conj           ###.         3%          1    None
b - Blink                 Tloc           N/A          9%          2    None
d - Conjure Flame         Conj/Fire      ##......     14%         3    ##.....
z - Mephitic Cloud        Conj/Pois/Air  ##......     16%         3    ##.....


Dungeon Overview and Level Annotations

Branches:
Dungeon (2/15)

Altars:

Annotations:
D:2 Crazy Yiuf


Message History

Crazy Yiuf is heavily wounded.
Crazy Yiuf says, "Have you seen my glasses?"
Crazy Yiuf barely misses you.
You hit Crazy Yiuf but do no damage.
Crazy Yiuf is heavily wounded.
You hit Crazy Yiuf but do no damage.
Crazy Yiuf is heavily wounded.
You hit Crazy Yiuf but do no damage.
Crazy Yiuf is heavily wounded.
You barely miss Crazy Yiuf.
Crazy Yiuf is heavily wounded.
Crazy Yiuf hits you with a quarterstaff of chaos!
Ouch! That really hurt!
You are lethally poisoned!
You feel sick.
You hit Crazy Yiuf but do no damage.
Crazy Yiuf is heavily wounded.
You feel sick.
You feel sick.
Crazy Yiuf hits you with a quarterstaff of chaos!
You die...

### #### #.#
...#######.#
#####
##.........#
#)..#
#######....#
#...#
############
...........#
#..g#
#...........
#######....#
##@##
##########[.
####.# #.##
#......# #.#
#.# ##.#
######.# #.#
###.# #.##
#.# #.#
########.###
##.# #.###.#
.....##.#.##
##.##
#.##...
####.#.###.#
##.P.#
#<.....
#..## ###
#.PPP#
#..#... #.##
#....#
#..##.#


You could see Crazy Yiuf (confused).

Vanquished Creatures
  3 adders (D:2)
  3 worms (D:2)
  A leopard gecko (D:1)
  7 bats
  2 giant cockroaches
  6 goblins
  3 hobgoblins
  3 kobolds (D:2)
  A quokka (D:2)
  5 frilled lizards
  3 rats (D:1)
  A fungus (D:2)
38 creatures vanquished.

Notes
Turn   | Place    | Note
-------+----------+-------------------------------------------
     0 | D:1      | pk666 the Deep Elf Wizard began the quest for the Orb.
     0 | D:1      | Reached XP level 1. HP: 10/10 MP: 7/7
   197 | D:1      | Reached XP level 2. HP: 15/15 MP: 2/9
   883 | D:2      | Reached XP level 3. HP: 19/19 MP: 3/11
   887 | D:2      | Learned a level 2 spell: Blink
  1024 | D:2      | Learned a level 3 spell: Mephitic Cloud
  1028 | D:2      | Learned a level 3 spell: Conjure Flame
  1146 | D:2      | Reached skill level 5 in Spellcasting
  1899 | D:2      | Reached XP level 4. HP: 23/24 MP: 0/13
  2315 | D:2      | Found a runed door.
  2319 | D:2      | Noticed Crazy Yiuf
  2338 | D:2      | Slain by Crazy Yiuf

Skill      XL: |  1  2  3 |
---------------+----------+-----
Dodging        | 3 |  3.2
Conjurations   | 2 |  2.3
Spellcasting   | 5 |  5.1
Short Blades   | |  0.7
Stealth        | |  2.4
Summonings     | |  1.1
Translocations | |  1.1
Fire Magic     | |  0.6
Air Magic      | |  0.7
Poison Magic   | |  0.7

Action                   |  1- 3 |  4- 6 || total
-------------------------+-------+-------++-------
Melee: Dagger            |       |    59 ||    59
 Cast: Magic Dart        |    88 |    10 ||    98
       Mephitic Cloud    |       |     2 ||     2
  Use: Scroll            |     2 |       ||     2
 Stab: Confused          |       |     1 ||     1
  Eat: Chunk             |     3 |     1 ||     4
Dodge: Dodged            |    13 |     3 ||    16
